 Dungeon Crawl Stone Soup version 0.30-a0-802-gb92711bcdf (webtiles) character file.

Game seed: 1869855741024757354

525 cforsyth the Sneak (level 7, -4/44 HPs)
             Began as a Kobold Brigand on Feb 23, 2023.
             Was an Initiate of Hepliaklqana.
             Slain by a gnoll
             ... wielding a +0 halberd
              (13 damage)
             ... on level 4 of the Dungeon.
             The game lasted 00:06:01 (3512 turns).

cforsyth the Sneak (Kobold Brigand)                 Turns: 3512, Time: 00:06:02

Health: -4/44      AC:  4    Str:  9    XL:     7   Next: 47%
Magic:  7/7        EV: 16    Int: 12    God:    Hepliaklqana [......]
Gold:   270        SH:  0    Dex: 18    Spells: 6/6 levels left

rFire   . . .      SeeInvis +    a - +2 dagger
rCold   . . .      Faith    .    (no shield)
rNeg    . . .      Spirit   .    b - +0 robe
rPois   .          Reflect  .    (no helmet)
rElec   .          Harm     .    c - +1 cloak
rCorr   .          Rampage  .    (no gloves)
Will    .....                    (no boots)
Stlth   +++++                    (no amulet)
HPRegen 0.27/turn                i - ring of see invisible
MPRegen 0.10/turn                (no ring)

@: no status effects
A: small, no large weapons, nightstalker 3
a: Renounce Religion


You were on level 4 of the Dungeon.
You worshipped Hepliaklqana.
Hepliaklqana was noncommittal.
You visited 1 branch of the dungeon, and saw 6 of its levels.

You collected 289 gold pieces.
You spent 19 gold pieces at shops.

Inventory:

Hand Weapons
 a - a +2 dagger (weapon)
Missiles
 d - 9 poisoned darts (quivered)
 e - 3 curare-tipped darts
 p - a throwing net
Armour
 b - a +0 robe (worn)
 c - a +1 cloak (worn)
 o - a +0 buckler
Jewellery
 i - a ring of see invisible (left hand)
Wands
 s - a wand of polymorph (8)
Scrolls
 g - a scroll of enchant armour
 h - 4 scrolls of identify {unknown}
 k - a scroll of fog {unknown}
 l - a scroll of magic mapping
 q - 2 scrolls of teleportation {unknown}
 r - 2 scrolls of fear {unknown}
 t - a scroll of brand weapon {unknown}
 u - a scroll of noise {unknown}
 x - a scroll of vulnerability {unknown}
Potions
 f - 2 potions of heal wounds
 j - 2 potions of attraction
 m - a potion of resistance {unknown}
 n - a potion of curing {unknown}
 v - a potion of degeneration {unknown}
 w - a potion of berserk rage {unknown}


   Skills:
 + Level 4.5 Fighting
 + Level 5.4 Short Blades
 - Level 2.1 Throwing
 + Level 4.4 Dodging
 + Level 7.6 Stealth


You had 6 spell levels left.
You didn't know any spells.
Your spell library contained the following spells:

 Spells                   Type           Power      Damage    Failure   Level
 Kindle Blastsparks       Fire/Tloc/Air  0%         2d10      69%         3
 Ozocubu's Armour         Ice            0%         N/A       69%         3
 Fulminant Prism          Conj/Hex       0%         3d5       97%         4
 Iskenderun's Mystic Bla  Conj/Tloc      0%         2d3       97%         4
 Lee's Rapid Deconstruct  Erth           0%         3d4*      100%        5
 Metabolic Englaciation   Hex/Ice        0%         N/A       100%        5
 Simulacrum               Ice/Necr       0%         N/A       100%        6


Dungeon Overview and Level Annotations

Branches:
Dungeon (6/15)
 Temple: D:4-7

Altars:
Fedhas
Gozag
Hepliaklqana
Vehumet

Shops:
D:1 *!((


Innate Abilities, Weirdness & Mutations

You are small and have problems with some larger weapons.
You are completely attuned to the shadows.


Message History

You perforate the ogre like a sieve!!!
You kill the ogre!
A gnoll comes into view. It is wielding a +0 flail.
The helpless gnoll fails to defend itself.
You spit the gnoll like a pig!!!
You kill the gnoll!
The gnoll shouts!
A gnoll comes into view. It is wielding a +0 flail.
The gnoll misses you. The gnoll closely misses you.
The gnoll shouts!
You hit the gnoll.
The gnoll is moderately wounded.
You hit the gnoll but do no damage.
The gnoll is moderately wounded.
The gnoll closely misses you. The gnoll hits you with a +0 flail!
You hit the gnoll.
The gnoll is heavily wounded.
The gnoll misses you.
The gnoll hits you from afar with a +0 halberd.
The gnoll hits you with a +0 flail.
You hit the gnoll.
The gnoll is severely wounded.
The gnoll completely misses you.
The gnoll hits you from afar with a +0 halberd!
The gnoll hits you with a +0 flail.
You are too injured to fight recklessly!
You are too injured to fight recklessly!
You are too injured to fight recklessly!
You are too injured to fight recklessly!
You are too injured to fight recklessly!
You are too injured to fight recklessly!
You are too injured to fight recklessly!
The gnoll attacks as you move away! The gnoll misses you.
As you read the scroll labelled MEDGHO OWESS, it crumbles to dust.
It is a scroll of enchant armour.
Your +0 cloak glows green for a moment.
The gnoll hits you with a +0 flail!
* * * LOW HITPOINT WARNING * * *
The gnoll hits you from afar with a +0 halberd!
You die...

........# #........#
#........#
#........####
#...........#.#.#
##g...).)..#.#.#
..###gg.......#.#.#
....@........$#.#.#
........###...#.#.###
..............'......
####
..............######.
...# ..
............... #.
...# ... ...... #.
...##... .>.. #.
###..... #. ...†....
.. ##.


You could see 3 gnolls.

Vanquished Creatures
  An ogre (D:4)
  A necrophage (D:6)
  3 orc priests (D:2)
  A hound (D:4)
  Natasha (thrice) (D:2)
  5 gnolls
  3 adders
  A white imp (D:6)
  4 worms
  2 dart slugs (D:4)
  4 orcs
  9 ball pythons
  5 bats
  8 endoplasms
  3 giant cockroaches
  4 goblins
  12 hobgoblins
  14 kobolds
  A quokka (D:4)
  4 frilled lizards
  4 rats
92 creatures vanquished.

Notes
Turn   | Place    | Note
-------+----------+-------------------------------------------
     0 | D:1      | cforsyth the Kobold Brigand began the quest for the Orb.
     0 | D:1      | Reached XP level 1. HP: 12/12 MP: 1/1
   179 | D:1      | Reached XP level 2. HP: 18/18 MP: 2/2
   210 | D:1      | Found Apar Menoa's Weapon Emporium.
   215 | D:1      | Found Doinekug's Distillery.
   271 | D:1      | Found Filamat's Assorted Antiques.
   272 | D:1      | Found Jiwe Oron's Weapon Boutique.
   321 | D:1      | Bought a bubbling black potion for 19 gold pieces
   458 | D:1      | Reached XP level 3. HP: 22/22 MP: 3/3
   853 | D:2      | Noticed Natasha
   864 | D:2      | Killed Natasha
   865 | D:2      | Reached skill level 6 in Stealth
   865 | D:2      | Reached XP level 4. HP: 10/28 MP: 4/4
   979 | D:2      | Reached XP level 5. HP: 32/32 MP: 5/5
  1412 | D:2      | Noticed Natasha
  1414 | D:2      | Killed Natasha
  1415 | D:2      | Reached XP level 6. HP: 38/38 MP: 6/6
  1630 | D:2      | Noticed Natasha
  1645 | D:2      | Killed Natasha
  1838 | D:3      | You fall into a shaft and drop 3 floors!
  1839 | D:6      | Noticed an ice beast
  1879 | D:6      | Reached skill level 7 in Stealth
  2157 | D:5      | Entered Level 5 of the Dungeon
  2416 | D:3      | Reached XP level 7. HP: 39/43 MP: 7/7
  2507 | D:3      | Reached skill level 5 in Short Blades
  3225 | D:4      | Found an opulent altar of Gozag.
  3231 | D:4      | Found a hazy altar of Hepliaklqana.
  3232 | D:4      | Found a blossoming altar of Fedhas.
  3233 | D:4      | Found a radiant altar of Vehumet.
  3237 | D:4      | Became a worshipper of Hepliaklqana the Forgotten
  3241 | D:4      | Found a faded altar of an unknown god.
  3426 | D:4      | Identified the +0 quarterstaff of Fragile Peace {speed,
                  | +Blink}
  3512 | D:4      | Slain by a gnoll

Illustrated notes

Levels and vault maps discovered:
D:1:      evilmike_arrival_crescent, layout_rooms, serial_shops,
          nicolae_shop_bloodbath_and_beyond, shop, shop, shop,
          chequers_hall_statues_y, st_stairs_8, minmay_unequal
D:2:      layout_loops_ring, uniq_natasha
D:3:      layout_loops_ring, roderic_three_in_a_row, hex_large, minmay_circle_x
D:4:      layout_basic, mainiacjoe_overflow_concentric_impassable,
          chequers_temple_overflow_minitemple,
          nicolae_dithmenos_through_a_glass_darkly, minmay_misc_feat_room
D:5:      layout_basic, serial_shops, shop_scrolls, kennysheep_potato,
          uniq_blork_the_orc
D:6:      layout_cave_pools, lemuel_round_altar

Skill      XL: |  1  2  3  4  5  6  7 |
---------------+----------------------+-----
Short Blades   | 3 4 5 |  5.4
Dodging        | 2 3 4 |  4.4
Fighting       | 3 4 |  4.5
Stealth        | 6 7 |  7.6
Throwing       | |  2.1

Action                     |  1- 3 |  4- 6 |  7- 9 || total
---------------------------+-------+-------+-------++-------
  Melee: Dagger            |    79 |   127 |    57 ||   263
         Punch             |       |     2 |       ||     2
    Use: Potion            |     1 |     2 |       ||     3
         Scroll            |       |     1 |     1 ||     2
   Stab: Sleeping          |    13 |    20 |    13 ||    46
         Distracted        |       |     1 |     1 ||     2
 Armour: Robe              |    15 |     5 |     3 ||    23
  Dodge: Dodged            |    40 |    39 |    23 ||   102

Table legend: (Time is in decaauts)
 A = Elapsed time spent in this place.
 B = Non-inter-level travel time spent in this place.
 C = Inter-level travel time spent in this place.
 D = Time resting spent in this place.
 E = Time spent auto-exploring this place.
 F = Levels seen in this place.
 G = Mean time per level.
                   A        B        C        D        E       F      G
               +--------+--------+--------+--------+--------+-----+--------+
         Total |   3459 |   3353 |    106 |     68 |   2666 |   6 |  576.5 |
       Dungeon |   3459 |   3353 |    106 |     68 |   2666 |   6 |  576.5 |
               +--------+--------+--------+--------+--------+-----+--------+

Top non-repeatable levels by time:
     D:2: 1148 daAuts
     D:3: 869 daAuts
     D:1: 657 daAuts
     D:4: 426 daAuts
     D:6: 311 daAuts
     D:5: 45 daAuts
